AoeStats
← Python 1.2.20

Arena

507990044Analyzed
4v4 RM · 12d ago on Sep 20, 2026· 34m 14s· 8 players
Game mode
Random Map
Map size
Large (8 player)
Population
200
Speed
Normal
Resources
Standard
Victory
Conquest
Starting age
Dark Age
Ending age
Imperial Age
RankedLock teamsTeams togetherTeam positionsShared explorationLock speedFull tech treeHidden civsTurbo modeCheats
Victory
Defeat
🇹🇼 Tupi · Taiwan
1741
+11
🇹🇼 Wei · Taiwan
1715
+12
🇹🇼 Teutons · Taiwan
1555
+19
🇹🇼 Persians · Taiwan
1488
+21
1640
-17
1625
-16
1612
-15
1602
-15
[韓粉戰隊] 南飄賣菜郎
10:44 Feudal Age
11:35 Loom
16:38 Castle Age
14:28 Double-Bit Axe
14:30 Horse Collar
16:20 Gold Mining
20:40 Heavy Plow
24:12 Wheelbarrow
24:39 Bow Saw
27:04 Hand Cart
30:24 Imperial Age
27:57 Husbandry
28:05 Scale Barding Armor
28:56 Bloodlines
29:27 Gold Shaft Mining
29:25 Forging
29:37 Chain Barding Armor
30:43 Devotion
30:13 Cavalier
31:30 Iron Casting
31:18 Conscription
31:39 Savar
[韓粉戰隊] 跟著月亮走
8:48 Feudal Age
9:16 Double-Bit Axe
9:12 Horse Collar
13:29 Wheelbarrow
13:58 Wheelbarrow
14:29 Gold Mining
14:30 Stone Mining
15:45 Loom
18:13 Castle Age
19:54 Gold Shaft Mining
19:55 Stone Shaft Mining
19:20 Heavy Plow
19:32 Bow Saw
22:51 Imperial Age
28:30 Ballistics
[韓粉戰隊] 鋼鐵韓粉
10:52 Feudal Age
14:28 Castle Age
12:25 Double-Bit Axe
12:25 Horse Collar
17:10 Wheelbarrow
20:09 Bow Saw
19:58 Fletching
23:07 Bodkin Arrow
24:08 Padded Archer Armor
25:55 Ballistics
26:32 Leather Archer Armor
27:26 Thumb Ring
28:46 Gold Mining
33:44 Imperial Age
30:59 Loom
34:35 Bracer
35:36 Chemistry
[韓粉戰隊] 台北庶民
9:55 Feudal Age
9:58 Loom
14:03 Castle Age
12:21 Double-Bit Axe
15:57 Wheelbarrow
16:41 Bow Saw
16:13 Horse Collar
21:01 Gold Mining
21:58 Champi Runner
22:39 Squires
23:20 Scale Mail Armor
22:56 Champi Warrior
24:39 Chain Mail Armor
24:53 Arson
25:20 Forging
26:35 Hand Cart
30:14 Iron Casting
31:03 Fletching
32:59 Bodkin Arrow
36:43 Imperial Age
liang0312
9:10 Feudal Age
10:23 Double-Bit Axe
12:01 Horse Collar
15:31 Wheelbarrow
19:53 Castle Age
20:02 Gold Mining
20:04 Stone Mining
20:53 Bow Saw
22:04 Heavy Plow
24:58 Fervor
26:38 Hand Cart
26:42 Loom
29:03 Fletching
29:44 Bodkin Arrow
32:29 Ballistics
32:50 Gold Shaft Mining
35:32 Imperial Age
32:58 Crossbowman
33:46 Thumb Ring
33:55 Padded Archer Armor
35:04 Bloodlines
TATTOO
11:06 Feudal Age
12:07 Double-Bit Axe
15:00 Castle Age
12:48 Horse Collar
17:20 Bow Saw
17:57 Town Watch
19:51 Heavy Plow
22:13 Wheelbarrow
22:30 Loom
24:02 Hand Cart
25:09 Gold Mining
25:21 Scale Mail Armor
25:32 Forging
25:14 Stone Mining
26:30 Chain Mail Armor
29:18 Imperial Age
28:13 Iron Casting
27:04 Man-at-Arms
27:49 Long Swordsman
28:43 Gambesons
28:58 Squires
29:33 Two-Handed Swordsman
30:14 Capped Ram
30:57 Pikeman
31:43 Halberdier
33:20 Plate Mail Armor
35:18 Blast Furnace
星空夜羽
11:08 Feudal Age
14:56 Castle Age
13:15 Double-Bit Axe
13:25 Horse Collar
15:12 Loom
15:31 Fletching
15:54 Bow Saw
20:52 Bodkin Arrow
22:42 Padded Archer Armor
29:51 Imperial Age
27:56 Stone Mining
27:57 Gold Mining
28:41 Leather Archer Armor
30:46 Ballistics
30:44 Bracer
32:10 Wheelbarrow
32:13 Gold Shaft Mining
33:35 Chemistry
Python 1.2.20
11:04 Feudal Age
14:42 Castle Age
12:49 Double-Bit Axe
12:52 Horse Collar
14:39 Wheelbarrow
15:41 Bow Saw
17:41 Loom
17:45 Town Watch
19:27 Heavy Plow
26:28 Hand Cart
28:54 Imperial Age
26:42 Gold Mining
27:00 Scale Barding Armor
28:11 Gold Shaft Mining
28:12 Chain Barding Armor
28:03 Forging
28:59 Bloodlines
28:51 Husbandry
29:29 Iron Casting
30:00 Plate Barding Armor
29:10 Cavalier
31:17 Blast Furnace
30:27 Light Cavalry
31:07 Savar
32:07 Stone Mining
34:32 Hand Cart
Connection lost

Rejoining the realm…

Still unreachable

The connection could not be restored.

Session expired

The server has moved on; the page needs a fresh start.